 Dungeon Crawl Stone Soup version 0.18.1-6-gd335043 (webtiles) character file.

334 Moloch the Carver (level 6, -5/42 HPs)
             Began as a High Elf Fighter on May 19, 2016.
             Was an Initiate of Okawaru.
             Slain by an ogre
             ... wielding a +0 giant club
              (18 damage)
             ... on level 3 of the Dungeon.
             The game lasted 00:05:58 (4074 turns).

Moloch the Carver (High Elf Fighter)                Turns: 4074, Time: 00:05:59

Health: -5/42      AC:  8    Str: 17    XL:     6   Next: 27%
Magic:  7/7        EV:  6    Int: 13    God:    Okawaru [......]
Gold:   266        SH:  9    Dex: 14    Spells: 0 memorised, 5 levels left

rFire  . . .     SeeInvis .     a - +0 long sword
rCold  . . .     Gourm    .     b - +0 scale mail
rNeg   . . .     Faith    .     c - +0 shield
rPois  .         Spirit   .     h - +0 helmet
rElec  .         Dismiss  .     v - +0 cloak
rCorr  +         Reflect  .     (no gloves)
SustAt .         Harm     .     (no boots)
MR     .....                    (no amulet)
Stlth  ..........               x - ring of loudness (curse)
                                e - ring of resist corrosion (curse)

@: not resistant to hostile enchantments, extremely unstealthy
A: no striking features
a: Renounce Religion


You were on level 3 of the Dungeon.
You worshipped Okawaru.
Okawaru was noncommittal.
You were not hungry.

You visited 2 branches of the dungeon, and saw 5 of its levels.

You collected 266 gold pieces.

Inventory:

Hand Weapons
 a - a +0 long sword (weapon)
Missiles
 q - a throwing net (quivered)
Armour
 b - a +0 scale mail (worn)
 c - a +0 shield (worn)
 h - a +0 helmet (worn)
 v - a +0 cloak (worn)
Jewellery
 e - a cursed ring of resist corrosion (left hand)
 x - a cursed ring of loudness (right hand)
Scrolls
 g - 3 scrolls of immolation {unknown}
 j - 3 scrolls of noise {unknown}
 s - a scroll of recharging {unknown}
 t - a scroll of remove curse {unknown}
 w - 3 scrolls of identify {unknown}
 y - 3 scrolls of fear {unknown}
 B - 2 scrolls of teleportation {unknown}
 E - a scroll of fog {unknown}
 F - 2 scrolls of enchant weapon {unknown}
Potions
 d - 2 potions of might
 i - a potion of cancellation {unknown}
 k - 2 potions of heal wounds
 l - 2 potions of magic {unknown}
 m - 2 potions of brilliance {unknown}
 n - 2 potions of mutation {unknown}
 o - a potion of berserk rage {unknown}
 p - a potion of agility {unknown}
 r - 4 potions of curing {unknown}
 z - a potion of lignification {unknown}
 C - a potion of beneficial mutation {unknown}
 D - a potion of resistance {unknown}
 H - a potion of degeneration {unknown}
Comestibles
 f - 6 bread rations
 u - 2 fruits
 A - 3 chunks of flesh
 G - a beef jerky


   Skills:
 - Level 3.0 Fighting
 + Level 8.1 Long Blades
 - Level 2.6 Armour
 - Level 2.6 Shields


You had 5 spell levels left.
You didn't know any spells.

Dungeon Overview and Level Annotations

Branches:
Dungeon (4/15)             Temple (1/1) D:4

Altars:
Ashenzari
Cheibriados
Dithmenos
Elyvilon
Fedhas
Gozag
Kikubaaqudgha
Makhleb
Nemelex Xobeh
Okawaru
Pakellas
Qazlal
Ru
Sif Muna
Trog
Xom
Yredelemnul
Zin
The Shining One

Annotations:
D:3 zeroDi's ghost, amateur VSAs


Message History

You hit the adder.
The adder is almost dead.
The adder barely misses you. The adder bites you.
You hit the adder.
You kill the adder!
Okawaru accepts your kill.
There is a stone staircase leading up here.
The ogre hits you with a giant club.
You climb upwards.
Level annotation: zeroDi's ghost, amateur VSAs
There is a stone staircase leading down here.
You hit the ogre.
The ogre is lightly wounded.
You slash the ogre!
The ogre is moderately wounded.
The ogre hits you with a giant club!
You hit the ogre.
The ogre is heavily wounded.
The ogre hits you with a giant club!!
You die...

###...## #.# # ##.##
###.### #.# #.....##
####.# #.###..#
.....# ### ### ##.#
.########_###8####.#
....###8...8...8##.#
.##..##.........##.#
###..#_.......[O@#.#
#....##.........####
#.#.###8...8...8###
....# ###_###8###
#...# ### ### ..l)#
##..# #W.# #..#


You could see an ogre.

Vanquished Creatures
  A centaur skeleton (D:4)
  A hound (D:4)
  2 orc wizards (D:4)
  An iguana (D:4)
  A worker ant (D:4)
  3 gnolls (D:2)
  7 adders
  2 oozes
  An adder skeleton (D:4)
  A worm (D:2)
  A dart slug (D:3)
  6 giant geckos
  4 orcs
  2 ball pythons
  6 bats
  3 giant cockroaches
  A goblin (D:2)
  8 hobgoblins
  3 quokkas
  3 giant newts
  5 kobolds
  5 rats
67 creatures vanquished.

Notes
Turn   | Place    | Note
--------------------------------------------------------------
     0 | D:1      | Moloch the High Elf Fighter began the quest for the Orb.
     0 | D:1      | Reached XP level 1. HP: 16/16 MP: 2/2
   217 | D:1      | Reached skill level 3 in Long Blades
   402 | D:1      | Reached XP level 2. HP: 21/21 MP: 3/3
   710 | D:2      | Reached skill level 4 in Long Blades
   758 | D:2      | Reached XP level 3. HP: 16/26 MP: 4/4
  1337 | D:2      | Reached skill level 5 in Long Blades
  1711 | D:2      | Reached XP level 4. HP: 30/31 MP: 5/5
  1795 | D:3      | Found an opulent altar of Gozag.
  1795 | D:3      | Found a bloodstained altar of Trog.
  1796 | D:3      | Found a basalt altar of Yredelemnul.
  1819 | D:3      | Found a snail-covered altar of Cheibriados.
  1820 | D:3      | Found an ancient bone altar of Kikubaaqudgha.
  1820 | D:3      | Found a deep blue altar of Sif Muna.
  1822 | D:3      | Found an oddly glowing altar of Pakellas.
  2390 | D:3      | Noticed zeroDi's ghost (amateur VSAs)
  2595 | D:4      | Reached skill level 6 in Long Blades
  2881 | D:4      | Reached XP level 5. HP: 32/36 MP: 6/6
  2959 | D:4      | Got a blackened leather armour
  2985 | D:3      | Identified the +0 leather armour of Refuge {rElec rC- Dex+3 Slay+3} (You found it on level 4 of the Dungeon)
  3397 | D:4      | Found a staircase to the Ecumenical Temple.
  3418 | Temple   | Entered the Ecumenical Temple
  3447 | Temple   | Became a worshipper of Warmaster Okawaru
  3579 | D:4      | Reached skill level 7 in Long Blades
  3999 | D:4      | Reached XP level 6. HP: 23/42 MP: 7/7
  4010 | D:4      | Reached skill level 8 in Long Blades
  4074 | D:3      | Slain by an ogre

Skill      XL: |  1  2  3  4  5  6 |
---------------+-------------------+-----
Long Blades    | 3 4 5 6 7 8 |  8.1
Fighting       | |  3.0
Armour         | |  2.6
Shields        | |  2.6

Action                   |  1- 3 |  4- 6 || total
-------------------------+-------+-------++-------
Melee: Long sword        |   100 |   180 ||   280
  Use: Potion            |       |     2 ||     2
  Eat: Chunk             |     3 |     7 ||    10
Armor: Scale mail        |    53 |    98 ||   151
Dodge: Dodged            |    19 |    34 ||    53
Block: Shield            |    40 |    72 ||   112
